 Dungeon Crawl Stone Soup version 0.31-a0-198-g2ad674f65e (webtiles) character file.

Game seed: 2899891246199824063

214 porpoise the Shooter (level 5, 0/32 HPs)
             Began as a Tengu Hunter on June 25, 2023.
             Killed from afar by an orc wizard (6 damage)
             ... with a magic dart
             ... on level 3 of the Dungeon.
             The game lasted 00:07:12 (2129 turns).

porpoise the Shooter (Tengu Hunter)                 Turns: 2129, Time: 00:07:13

Health: 0/32       AC:  4    Str: 12    XL:     5   Next: 91%
Magic:  6/6        EV: 19    Int:  9    God:
Gold:   129        SH:  0    Dex: 19    Spells: 4/4 levels left

rFire   . . .        b - +2 dagger (speed)
rCold   . . .        (no shield)
rNeg    + . .        c - +1 leather armour
rPois   .            (helmet restricted)
rElec   .            (no cloak)
rCorr   .            (no gloves)
SInv    .            (boots unavailable)
Will    .....        (no amulet)
Stlth   +            o - ring of positive energy
HPRegen 0.25/turn    w - +5 ring of evasion
MPRegen 0.10/turn

%: no passive effects
@: confused, flying quickly and evasively, quick
A: beak, talons 3, nimble flight
a: no special abilities


You were on level 3 of the Dungeon.
You visited 1 branch of the dungeon, and saw 3 of its levels.

You collected 129 gold pieces.

Inventory:

Hand Weapons
 a - a +0 shortbow
 b - a +2 dagger of speed (weapon)
 j - a +2 dagger of electrocution
Armour
 c - a +1 leather armour (worn)
 m - an orb of energy
Jewellery
 l - an amulet of faith
 o - a ring of positive energy (left hand)
 w - a +5 ring of evasion (right hand)
Wands
 p - a wand of polymorph (12)
Scrolls
 g - a scroll of enchant armour
 h - a scroll of fear {unknown}
 i - a scroll of butterflies
 k - a scroll of poison {unknown}
 q - a scroll of blinking {unknown}
 r - a scroll of amnesia {unknown}
 s - 2 scrolls of teleportation
 v - a scroll of silence {unknown}
Potions
 d - a potion of might
 e - a potion of lignification
 f - a potion of resistance
 n - a potion of cancellation
 t - a potion of curing {unknown}
 u - a potion of ambrosia {unknown}
 x - a potion of berserk rage {unknown}


   Skills:
 + Level 3.3 Fighting
 * Level 6.2 Ranged Weapons
 - Level 2.1 Dodging
 + Level 3.1 Stealth


You had 4 spell levels left.
You didn't know any spells.
Your spell library was empty.

Dungeon Overview and Level Annotations

Branches:
Dungeon (3/15)

Altars:
Vehumet


Innate Abilities, Weirdness & Mutations

You have a beak for a mouth.
You have claws for feet.
Your magical nature lets you fly swiftly and evasively.


Message History

The orc priest is severely wounded.
The orc priest invokes the aid of Beogh against you.
Pain shoots through your body!
You hit the orc priest.
You kill the orc priest!
Your Stealth skill increases to level 3!
The orc wizard points at you and mumbles some strange words.
You are confused.
Items here: )) [[ ††.
You hit the orc wizard. Your kick misses the orc wizard.
You peck the orc wizard, but do no damage.
The orc wizard is lightly wounded.
A kobold comes into view. It is wielding a +0 dagger.
The orc wizard gestures wildly while chanting.
The orc wizard flickers and vanishes!
Deactivating autopickup; reactivate with Ctrl-A.
The kobold shouts!
You bump into the rock wall.
Something hits you.
You're too confused to move!
Something hits you.
A magic dart appears from out of thin air!
The magic dart hits you!
* * * LOW HITPOINT WARNING * * *
You bump into the rock wall.
You bump into the rock wall.
You hear some strange, mumbled words.
You are more confused.
You miss something. Your peck misses something.
You hear some strange, mumbled words.
Something tries to affect you, but you resist.
You bump into the rock wall.
The kobold throws a stone.
The stone hits you.
* * * LOW HITPOINT WARNING * * *
Something completely misses you.
You bump into the rock wall.
Something barely misses you.
You bump into the rock wall.
Something hits you.
* * * LOW HITPOINT WARNING * * *
You bump into the rock wall.
You hear some strange, mumbled words.
A magic dart appears from out of thin air!
The magic dart hits you.
You die...

#.#.#
######.#.#
#......#.#
#.######.#
#.# #.#
#.# #.#
#.# ..#
#.# ####
#@# .# #{#
w. #K#.#
#.†.#
#.#.#
#.#.K. #.#
#.# ## #.#
.# #. #.#
# #.


You could see a kobold.

Vanquished Creatures
  An orc priest (D:3)
  Natasha (twice) (D:2)
  A gnoll (D:1)
  6 adders
  2 dart slugs
  An orc (D:3)
  6 ball pythons
  2 bats
  7 endoplasms
  3 giant cockroaches
  9 goblins
  4 hobgoblins
  6 jackals
  4 kobolds
  2 quokkas (D:2)
  2 frilled lizards (D:1)
  7 rats
65 creatures vanquished.

Notes
Turn   | Place    | Note
-------+----------+-------------------------------------------
     0 | D:1      | porpoise the Tengu Hunter began the quest for the Orb.
     0 | D:1      | Reached XP level 1. HP: 12/12 MP: 2/2
    22 | D:1      | Found a faded altar of an unknown god.
   115 | D:1      | Reached XP level 2. HP: 17/17 MP: 3/3
   429 | D:1      | Reached skill level 5 in Ranged Weapons
   429 | D:1      | Reached XP level 3. HP: 15/22 MP: 4/4
  1011 | D:2      | Found a radiant altar of Vehumet.
  1121 | D:2      | Noticed Natasha
  1129 | D:2      | Killed Natasha
  1130 | D:2      | Reached XP level 4. HP: 16/27 MP: 5/5
  1437 | D:2      | Noticed Natasha
  1444 | D:2      | Killed Natasha
  1445 | D:2      | Gained mutation: Your magical nature lets you fly swiftly
                  | and evasively. [Tengu growth]
  1445 | D:2      | Reached XP level 5. HP: 26/32 MP: 6/6
  1896 | D:2      | Reached skill level 6 in Ranged Weapons
  2129 | D:3      | Killed from afar by an orc wizard

Illustrated notes

Levels and vault maps discovered:
D:1:      lightli_arrival_lavapool, layout_basic, basic_ecumenical_altar,
          nicolae_concentric_dashed_squares_mild, minmay_misc_feat_secret_circle
D:2:      minmay_wonky_spiral, layout_basic, basic_altar, corexii_corridor_pit,
          uniq_natasha
D:3:      layout_loops_ring, minmay_joined_circles

Skill      XL: |  1  2  3  4  5 |
---------------+----------------+-----
Ranged Weapons | 5 6 |  6.2
Stealth        | 2 3 |  3.1
Fighting       | 3 |  3.3
Dodging        | |  2.1

Action                     |  1- 3 |  4- 6 || total
---------------------------+-------+-------++-------
  Melee: Dagger            |    18 |    27 ||    45
         Kick              |     5 |     9 ||    14
         Peck              |     1 |     3 ||     4
   Fire: Shortbow          |    86 |    53 ||   139
    Use: Scroll            |     3 |     3 ||     6
 Armour: Leather armour    |     5 |     6 ||    11
  Dodge: Dodged            |    22 |    34 ||    56

Table legend: (Time is in decaauts)
 A = Elapsed time spent in this place.
 B = Non-inter-level travel time spent in this place.
 C = Inter-level travel time spent in this place.
 D = Time resting spent in this place.
 E = Time spent auto-exploring this place.
 F = Levels seen in this place.
 G = Mean time per level.
                   A        B        C        D        E       F      G
               +--------+--------+--------+--------+--------+-----+--------+
         Total |   2090 |   2039 |     51 |    321 |   1342 |   3 |  696.7 |
       Dungeon |   2090 |   2039 |     51 |    321 |   1342 |   3 |  696.7 |
               +--------+--------+--------+--------+--------+-----+--------+

Top non-repeatable levels by time:
     D:1: 955 daAuts
     D:2: 952 daAuts
     D:3: 182 daAuts
